 Dungeon Sprint DCSS version 0.30.1-11-g7821555f0a (webtiles) character file.

Game seed: 6851867771230524760

83 DiggyJ the Covered (level 4, -4/44 HPs)
             Began as a Hill Orc Fighter on Jan 9, 2024.
             Slain by an ogre
             ... wielding a +0 giant club
              (9 damage)
             ... in the Dungeon (Sprint IX: "|||||||||||||||||||||||||||||").
             The game lasted 00:00:21 (51 turns).

DiggyJ the Covered (Hill Orc Fighter)                 Turns: 51, Time: 00:00:21

Health: -4/44      AC:  7    Str: 20    XL:     4   Next: 44%
Magic:  4/4        EV:  9    Int:  8    God:
Gold:   0          SH:  5    Dex: 10    Spells: 3/3 levels left

rFire   . . .        a - +0 flail
rCold   . . .        c - +0 buckler
rNeg    . . .        b - +0 scale mail
rPois   .            (no helmet)
rElec   .            (no cloak)
rCorr   .            (no gloves)
SInv    .            (no boots)
Will    .....        (no amulet) Stlth
                     (no ring)
HPRegen 0.27/turn    (no ring)
MPRegen 0.09/turn

%: no teleportation
@: no status effects
A: no striking features
a: no special abilities


You were in the Dungeon.
You visited 1 branch

Inventory:

Hand Weapons
 a - a +0 flail (weapon)
Armour
 b - a +0 scale mail (worn)
 c - a +0 buckler (worn)
Scrolls
 j - a scroll of blinking
Potions
 d - a potion of might
 g - a potion of haste
 h - 2 potions of magic
 i - a potion of berserk rage


   Skills:
 + Level 6.2 Fighting
 + Level 4.0 Maces & Flails
 + Level 6.2 Armour
 + Level 5.6 Shields


You had 3 spell levels left.
You didn't know any spells.
Your spell library was empty.

Dungeon Overview and Level Annotations

Branches:
Dungeon (1/1)

Altars:


Message History

Your Fighting skill gained 2 levels and is now at level 6!
Your Maces & Flails skill increases to level 3!
Your Armour skill gained 2 levels and is now at level 6!
Your Shields skill increases to level 5!
You have reached level 3!
Your experience leads to an increase in your attributes!
Increase (S)trength, (I)ntelligence, or (D)exterity?
You feel stronger. x2
You have reached level 4!
You feel much better.
You feel sick. The orc hits you with a +0 club.
Unknown command.
You barely miss the orc.
You feel sick. The orc hits you but does no damage. The orc closely misses you.
You barely miss the orc.
You feel sick. The orc hits you but does no damage.
You hit the orc but do no damage.
You feel sick. You block the orc's attack.
You barely miss the orc.
You feel sick. The orc hits you with a +0 club.
You thump the orc!
You kill the orc!
You feel sick.
You are no longer poisoned.
The adder bites you.
You barely miss the adder. The adder barely misses you.
You sock the adder!
You kill the adder!
Your Maces & Flails skill increases to level 4!
You sock the ogre!
The ogre is moderately wounded.
The ogre barely misses you.
You sock the ogre!
The ogre is heavily wounded.
The ogre hits you with a +0 giant club!!
Ouch! That really hurt!
* * * LOW HITPOINT WARNING * * *
You sock the ogre!
The ogre is severely wounded.
You block the ogre's attack.
You hit the ogre but do no damage.
The ogre is severely wounded.
The ogre hits you with a +0 giant club!
You die...

▓.▓
▓.▓
▓.▓
▓)▓
▓.▓
▓.▓
▓.▓
▓.▓
▓@▓
▓O▓
▓.▓
▓.▓
▓.▓
▓.▓
▓.▓
▓+▓


You could see an ogre.

Vanquished Creatures
  A scorpion (D)
  2 adders (D)
  An orc (D)
  2 goblins (D)
  2 ball pythons (D)
  A rat (D)
9 creatures vanquished.

Notes
Turn   | Place    | Note
-------+----------+-------------------------------------------
     0 | D        | DiggyJ the Hill Orc Fighter began the quest for the Orb.
     0 | D        | Reached XP level 1. HP: 19/19 MP: 1/1
    22 | D        | Noticed a scorpion
    22 | D        | Noticed an ogre
    27 | D        | Reached XP level 2. HP: 25/28 MP: 2/2
    39 | D        | Killed a scorpion
    40 | D        | Reached skill level 5 in Shields
    40 | D        | Reached XP level 3. HP: 16/37 MP: 3/3
    40 | D        | Reached XP level 4. HP: 19/44 MP: 4/4
    51 | D        | Slain by an ogre

Illustrated notes

Levels and vault maps discovered:
D:        linesprint [early_d, line_temple, items_1, d_10, items_2, lair_1,
          lair_end, items_3, orc_1, orc_end, items_4, d_15, swamp_1, shoals_1,
          snake_1, spider_1, d_20, vaults_1, items_5, swamp_end, shoals_end,
          snake_end, spider_end, vaults_end, d_27, items_6, zot_1, zot_end,
          crypt_end, forest_end, elf_end, slime_end, tomb_end, abyss_end,
          pan_hell_end]

Skill      XL: |  1  2  3  4 |
---------------+-------------+-----
Fighting       | 4 6 |  6.2
Armour         | 4 6 |  6.2
Shields        | 4 5 |  5.6
Maces & Flails | 3 4 |  4.0

Action                     |  1- 3 |  4- 6 || total
---------------------------+-------+-------++-------
  Melee: Flail             |    28 |    11 ||    39
    Use: Potion            |     1 |     1 ||     2
 Armour: Scale mail        |     9 |     2 ||    11
  Dodge: Dodged            |    14 |     3 ||    17
  Block: Buckler           |     7 |     2 ||     9
